Map: Submarine LE

Players

OcpMetal

  • Race: Terran Terran
  • League: Gold
  • Spawn Location: 11:00

Ziad - Winner!

  • Race: Terran Terran
  • League: Gold
  • Spawn Location: 5:00

VOD

Have the link to the VOD?

Description

Time

  • Played on: July 12, 2020, 9:53 p.m.
  • Length: 18:02
Show
View Real Time Build Order
Export as new Build Order

OcpMetal Terran 

Build Orders: Reaper Expand 

Get SALT Encoding   

  12  0:01  SCV  
  13  0:14  SCV  
  14  0:20  Supply Depot  
  14  0:26  SCV  
  15  0:42  SCV  
  16  0:43  Barracks  
  16  0:48  Refinery  
  16  0:54  SCV  
  17  1:13  SCV  
  18  1:25  SCV  
  19  1:36  Command Center  
  19  1:38  Orbital Command  
  19  1:42  Reaper  
  20  2:06  SCV  
  21  2:17  Supply Depot  
  20  2:27  SCV  
  21  2:34  Marine  
  22  2:39  SCV  
  22  2:51  SCV  
  23  3:03  SCV  
  24  3:15  SCV  
  24  3:18  Marine  
  26  3:27  SCV  
  27  3:35  Barracks  
  27  3:36  Barracks, Marine  
  27  3:37  Supply Depot  
  27  3:38  Supply Depot, Barracks  
  27  3:39  Barracks  
  27  3:40  SCV  
  27  3:41  Refinery  
  30  3:42  Orbital Command  
  29  3:52  SCV  
  29  3:54  Marine  
  31  3:59  Factory  
  31  4:04  SCV  
  31  4:08  SCV  
  33  4:12  Marine  
  33  4:16  SCV  
  35  4:21  SCV  
  35  4:28  SCV  
  35  4:29  Bunker  
  35  4:30  Barracks Tech Lab  
  36  4:31  Marine x2  
  36  4:32  Marine  
  36  4:33  SCV, Barracks Tech Lab  
  40  4:40  SCV  
  40  4:45  SCV  
  42  4:49  Marine x3  
  42  4:52  SCV  
  46  4:57  SCV  
  47  5:02  Factory Tech Lab  
  47  5:03  Marine x2  
  49  5:07  Marine x3  
  52  5:16  Stimpack  
  52  5:21  Marine x2  
  53  5:22  Siege Tank  
  53  5:23  SCV  
  53  5:24  SCV  
  53  5:25  Marine x3  
  62  5:33  Starport  
  62  5:38  Supply Depot  
  62  5:40  SCV, Marine x2  
  65  5:42  Marine  
  65  5:43  SCV, Marine  
  65  5:46  Supply Depot  
  65  5:47  Supply Depot  
  68  5:52  SCV, Marine  
  68  5:56  SCV  
  71  5:58  Marine x2  
  71  6:00  Marine  
  74  6:05  Engineering Bay  
  74  6:13  Marine x2  
  74  6:15  Marine x2  
  74  6:17  Medivac  
  74  6:18  Marine  
  81  6:31  Marine x2  
  83  6:33  Marine x2  
  83  6:36  Refinery, Marine  
  86  6:45  Missile Turret  
  86  6:47  Medivac  
  86  6:48  Marine  
  86  6:49  Marine  
  86  6:50  Missile Turret  
  86  6:51  Marine x2  
  86  6:52  Missile Turret  
  86  6:54  Marine  
  92  6:56  Siege Tank, Combat Shield  
  96  7:06  Missile Turret, Marine x2  
  82  7:09  Marine x2  
  82  7:11  Marine  
  85  7:17  Medivac  
  85  7:18  Terran Infantry Weapons Level 1  
  87  7:24  Marine x2  
  87  7:27  Marine x2  
  87  7:29  Marine  
  92  7:42  Marine x2  
  94  7:44  Marine x2  
  94  7:47  Marine  
  97  7:54  Supply Depot x2, Missile Turret  
  97  7:55  Supply Depot  
  97  8:00  Marine x2  
  97  8:02  Marine x2  
  97  8:05  Marine  
  81  8:17  Marine  
  81  8:18  Marine  
  81  8:19  Supply Depot, SCV x2  
  85  8:20  Marine x2  
  85  8:23  Marine  
  85  8:24  Missile Turret  
  85  8:25  Missile Turret  
  85  8:26  Missile Turret  
  88  8:29  Siege Tank  
  88  8:31  Supply Depot, SCV  
  92  8:35  Marine x2  
  92  8:38  Marine x2  
  92  8:41  Marine  
  93  8:49  Missile Turret x2  
  93  8:50  Viking  
  93  8:53  Marine x2  
  97  8:56  Marine x2  
  97  8:58  Marine  
  100  9:11  Marine x2  
  102  9:23  Missile Turret, Marine x2  
  94  9:36  Marine  
  94  9:38  Marine  
  94  9:42  Marine x2  
  94  9:43  Marine  
  94  10:06  SCV  
  94  10:12  Siege Tank, Marine x2  
  94  10:33  Starport Tech Lab  
  94  10:56  SCV, Marine  
  94  10:59  SCV, Siege Tank, Marine x4  
  102  11:33  Supply Depot  
  102  11:36  Command Center  
  102  11:40  Supply Depot  
  102  11:54  SCV x2, Siege Tank, Marine x4  
  102  12:01  Marine  
  110  12:06  SCV x2  
  113  12:12  Marine x4  
  117  12:18  SCV  
  117  12:20  Refinery  
  118  12:24  Refinery  
  118  12:48  SCV x2, Siege Tank, Marine x4  
  124  13:00  SCV x2  
  124  13:05  Marine x2  
  124  13:06  Marine x2  
  128  13:18  SCV x2  
  131  13:20  Widow Mine  
  131  13:21  Orbital Command  
  131  13:23  Marine  
  133  13:30  Supply Depot  
  133  13:32  Refinery, Supply Depot  
  133  13:34  Supply Depot  
  133  13:51  Marine x3  
  133  13:52  SCV x2, Siege Tank  
  133  13:53  Marine  
  142  13:57  Supply Depot  
  142  13:58  Supply Depot  
  142  14:04  SCV x2  
  142  14:09  Marine x3  
  147  14:11  Marine  
  147  14:16  SCV, Viking  
  151  14:26  Barracks x2  
  151  14:27  Marine x3  
  151  14:28  Barracks  
  151  14:29  Marine  
  155  14:33  Siege Tank  
  155  14:35  Barracks  
  158  14:45  Marine x3  
  161  14:46  Viking  
  161  14:47  Marine  
  159  15:03  Marine x3  
  159  15:04  Marine  
  159  15:05  Marine  
  137  15:16  Viking  
  137  15:20  Marine x3  
  107  15:22  Marine  
  107  15:23  Marine  
  78  15:38  Marine x3  
  78  15:40  Marine x2  
  62  15:56  Marine x3  
  65  15:58  Marine x2  
  64  16:14  Marine x3  
  64  16:16  Marine x2  
  69  16:32  Marine x3  
  72  16:34  Marine x2  
  74  16:45  Marine  
  75  16:49  Marine x3  
  75  16:51  Marine  
  75  16:52  Marine  
  80  17:07  Marine x3  
  83  17:09  Marine  
  83  17:10  Marine  
  85  17:19  Command Center  
  85  17:23  Marine x2  
  85  17:24  Marine  
  85  17:25  Marine x3  
  85  17:27  Marine  
Show
View Real Time Build Order
Export as new Build Order

Ziad Terran - Winner!

Build Orders: Gas First Reaper Expand 

Get SALT Encoding   

  12  0:06  SCV  
  13  0:17  Supply Depot  
  13  0:19  SCV  
  14  0:27  Refinery  
  14  0:33  SCV  
  15  0:50  Barracks  
  15  1:04  SCV  
  16  1:16  SCV  
  17  1:29  SCV  
  18  1:35  Supply Depot  
  18  1:39  Reaper  
  19  1:44  Orbital Command  
  19  2:09  Command Center  
  19  2:18  Factory  
  19  2:25  Refinery  
  19  2:26  Barracks Reactor  
  19  2:28  SCV  
  19  3:05  Hellion, Marine x2  
  22  3:35  Marine x2  
  22  3:36  Orbital Command  
  22  3:39  Factory Tech Lab  
  24  3:44  Supply Depot  
  24  3:51  Starport  
  24  3:58  Marine x2  
  26  4:09  Siege Tank  
  29  4:29  Barracks  
  29  4:30  Engineering Bay  
  29  4:33  SCV  
  29  4:34  SCV  
  31  4:57  Siege Tank  
  33  5:04  Viking  
  35  5:12  Marine  
  35  5:14  Marine  
  36  5:15  SCV  
  36  5:19  Fusion Core  
  38  5:30  Marine  
  39  5:36  Factory Reactor  
  39  5:46  Missile Turret  
  39  6:05  Supply Depot  
  39  6:06  Supply Depot  
  39  6:09  Weapon Refit  
  39  6:10  Bunker  
  37  6:19  Widow Mine x2  
  37  6:21  SCV  
  42  6:36  Battlecruiser  
  48  7:18  Barracks Reactor  
  48  7:24  Barracks  
  48  7:25  Barracks  
  48  7:28  Supply Depot  
  48  7:51  SCV  
  48  7:52  SCV  
  48  7:56  Supply Depot  
  49  8:13  Barracks  
  49  8:20  Siege Tank  
  49  8:25  Marine x3  
  55  8:28  Supply Depot  
  55  8:45  SCV x2  
  55  8:48  Marine x6  
  63  8:57  SCV x2  
  63  9:02  Siege Tank  
  68  9:34  Missile Turret  
  68  9:37  Missile Turret  
  68  9:38  Missile Turret  
  68  9:43  SCV x2  
  70  9:49  Missile Turret  
  62  10:08  Missile Turret  
  62  10:09  Missile Turret  
  62  10:15  Barracks Reactor  
  62  10:16  Marine x2  
  64  10:24  Siege Tank  
  67  10:41  Missile Turret  
  67  10:42  Marine  
  67  10:43  SCV, Marine  
  70  10:56  Siege Tank  
  73  11:06  Barracks Reactor  
  73  11:14  Marine  
  73  11:15  Marine x2  
  76  11:18  Refinery  
  76  11:19  Starport  
  76  11:21  Starport  
  76  11:26  Starport Reactor, Marine x2  
  76  11:27  Marine x2  
  76  11:28  Siege Tank  
  76  11:32  Marine  
  84  11:46  Marine x4  
  88  11:50  SCV x2  
  90  12:00  Siege Tank  
  93  12:03  Supply Depot  
  93  12:13  Missile Turret  
  93  12:14  Missile Turret, Marine  
  94  12:25  Viking  
  96  12:35  Marine x3  
  96  12:36  SCV x2  
  101  12:49  Marine  
  102  13:11  Supply Depot  
  102  13:32  Viking, Medivac, Marine x2  
  102  13:33  SCV x2  
  110  13:35  Supply Depot  
  110  13:56  Siege Tank, Medivac, Marine x2  
  117  14:09  Viking  
  112  14:23  Marine  
  112  14:24  Marine x4  
  114  14:27  Supply Depot  
  117  14:34  Supply Depot  
  117  14:43  Marine  
  118  14:49  Viking, SCV x2, Marine x3  
  125  14:56  Siege Tank  
  128  15:02  Marine x3  
  128  15:03  SCV x2  
  133  15:15  SCV  
  126  15:28  Siege Tank  
  113  15:40  Marine x2  
  89  16:14  SCV  
  89  16:15  SCV  
  91  16:19  Viking x2  
  91  16:21  Supply Depot  
  91  16:22  Supply Depot  
  94  16:32  Supply Depot x2, Medivac x2  
  98  16:49  Viking  
  100  16:54  Marine x3  
  100  16:55  Marine x5  
  100  17:00  Supply Depot x2  
  100  17:01  Supply Depot  
  108  17:02  Supply Depot x2  
  108  17:04  Starport Tech Lab  
  108  17:13  Supply Depot  
  108  17:18  Supply Depot  
  108  17:23  Marine x3  
  108  17:24  SCV x2, Marine x2  
  115  17:36  SCV  
  116  17:40  Marine x2  
  116  17:41  Marine x3  
  116  17:42  SCV  
  120  17:58  Starport Tech Lab  
  118  18:00  Command Center  
Tags
 
Add a new tag
Caveats
  • Supply blocks, unpowered buildings, or Contaminate may cause inaccurate times.
  • Supply counts are checked every 10 seconds.